 Dungeon Crawl Stone Soup version 0.30-a0-743-gbfdf073431 (webtiles) character file.

Game seed: 3553702113204046532

492 Dittersdorf the Covered (level 7, -3/44 HPs)
             Began as a Gargoyle Fighter on Feb 7, 2023.
             Slain by an orc warrior
             ... wielding a +0 trident
              (5 damage)
             ... on level 4 of the Dungeon.
             The game lasted 00:05:40 (3241 turns).

Dittersdorf the Covered (Gargoyle Fighter)          Turns: 3241, Time: 00:05:40

Health: -3/44      AC: 18    Str: 25    XL:     7   Next: 14%
Magic:  7/7        EV:  8    Int:  8    God:
Gold:   274        SH:  8    Dex:  9    Spells: 6/6 levels left

rFire   . . .      SeeInvis .    a - +0 flail
rCold   . . .      Faith    .    g - +0 kite shield
rNeg    + . .      Spirit   .    b - +0 scale mail
rPois   ∞          Reflect  .    y - +0 helmet
rElec   +          Harm     .    (no cloak)
rCorr   +          Rampage  .    (no gloves)
Will    .....                    f - +0 pair of boots Stlth
                                 (no amulet)
HPRegen 0.27/turn                h - ring of resist corrosion
MPRegen 0.10/turn                t - ring "Xicw" {AC+4 Str+3}

@: no status effects
A: sickness immunity, AC +4, negative energy resistance 1, electricity
resistance, torment resistance 1, petrification resistance
a: no special abilities


You were on level 4 of the Dungeon.
You visited 1 branch of the dungeon, and saw 4 of its levels.
You also visited: Sewer.

You collected 274 gold pieces.

Inventory:

Hand Weapons
 a - a +0 flail (weapon)
Armour
 b - a +0 scale mail (worn)
 f - a +0 pair of boots (worn)
 g - a +0 kite shield (worn)
 y - a +0 helmet (worn)
Jewellery
 h - a ring of resist corrosion (left hand)
 j - a ring of ice
 t - the ring "Xicw" (right hand) {AC+4 Str+3}
   (You acquired it on level 3 of the Dungeon)

   [ring of protection]

   AC:        It affects your AC (+4).
   Str:       It affects your strength (+3).
Wands
 x - a wand of flame (15)
Scrolls
 i - a scroll of fear
 k - a scroll of enchant weapon
 o - a scroll of enchant armour {unknown}
 p - a scroll of magic mapping {unknown}
 r - a scroll of silence {unknown}
 s - a scroll of teleportation
 u - 3 scrolls of blinking
 v - a scroll of amnesia {unknown}
Potions
 c - 2 potions of heal wounds
 d - a potion of might
 e - 2 potions of haste
 l - a potion of berserk rage
 m - 2 potions of curing {unknown}
 n - 6 potions of flight
 q - a potion of mutation


   Skills:
 + Level 5.0 Fighting
 + Level 4.0 Maces & Flails
 + Level 5.2 Armour
 + Level 5.2 Shields


You had 6 spell levels left.
You didn't know any spells.
Your spell library contained the following spells:

 Spells                   Type           Power      Damage    Failure   Level
 Ignite Poison            Fire/Tmut/Pois 0%         N/A       100%        3
 Sticky Flame             Conj/Fire      0%         2d3       100%        4
 Ignition                 Fire           0%         3d3       100%        8


Dungeon Overview and Level Annotations

Branches:
Dungeon (4/15)              Sewer (visited)
 Temple: D:4-7

Altars:
Ashenzari

Shops:
D:1 :*


Innate Abilities, Weirdness & Mutations

You are immune to sickness and miasma.
Your stone body is resilient. (AC +4)
You are immune to poison.
You resist negative energy. (rN+)
You are resistant to electric shocks. (rElec)
You are resistant to unholy torment.
You are immune to petrification.


Message History

Throw: 2 darts (poison)
Press: ? - help, Q - select action, (/) - cycle Shift-Dir - straight line, f/p - orc warrior
Aim: an orc warrior, wielding a +0 trident and wearing a +0 chain mail (52% to hit)
You throw a poisoned dart. The poisoned dart hits the orc warrior.
The orc warrior is poisoned.
You block the orc warrior's attack.
The orc warrior hits you with a +0 trident.
Throw: dart (poison)
Press: ? - help, Q - select action, (/) - cycle Shift-Dir - straight line, f/p - orc warrior
Aim: an orc warrior, wielding a +0 trident and wearing a +0 chain mail (poisoned, 52% to hit)
You throw a poisoned dart. The poisoned dart hits the orc warrior.
The orc warrior hits you with a +0 trident!
* * * LOW HITPOINT WARNING * * *
The orc warrior hits you but does no damage.
Unknown command.
The orc warrior looks more healthy.
The orc warrior hits you with a +0 trident.
* * * LOW HITPOINT WARNING * * *
You closely miss the orc warrior.
The orc warrior is moderately wounded.
The orc warrior hits you but does no damage.
You hit the orc warrior but do no damage.
The orc warrior is moderately wounded.
You block the orc warrior's attack.
You closely miss the orc warrior.
The orc warrior is moderately wounded.
You block the orc warrior's attack.
The orc warrior hits you but does no damage.
You hit the orc warrior.
The orc warrior is heavily wounded.
You block the orc warrior's attack.
You barely miss the orc warrior.
The orc warrior is heavily wounded.
The orc warrior hits you with a +0 trident!
* * * LOW HITPOINT WARNING * * *
You hit the orc warrior but do no damage.
The orc warrior is heavily wounded.
You block the orc warrior's attack.
The orc warrior hits you with a +0 trident.
You die...

#.######.)...........
##....................
#.......[............. .
#.....................
.###........##...######+#
.. ...............###
##.#####..........###
.......##........##
....... #...o@...#
....... #........#
....... #........#
.....:.##...>....#
(.....()...#+#####
......†###.# ###.... ..#
#.... .### #....#.


You could see an orc warrior.

Vanquished Creatures
  Sigmund (D:2)
  A hound (D:4)
  A jelly (D:4)
  Jessica (D:3)
  5 river rats (Sewer)
  8 adders
  6 worms
  3 dart slugs
  3 orcs
  17 bats
  10 endoplasms
  3 giant cockroaches (D:3)
  6 goblins
  4 hobgoblins
  7 jackals
  4 quokkas
  10 ball pythons
  7 frilled lizards
  7 kobolds
  10 rats
114 creatures vanquished.

Notes
Turn   | Place    | Note
-------+----------+-------------------------------------------
     0 | D:1      | Dittersdorf the Gargoyle Fighter began the quest for the
                  | Orb.
     0 | D:1      | Reached XP level 1. HP: 14/14 MP: 1/1
     6 | D:1      | Noticed a komodo dragon
     6 | D:1      | Noticed a swamp worm
     6 | D:1      | Noticed a hog
     7 | D:1      | Noticed a scorpion
     7 | D:1      | Noticed a polar bear
    89 | D:1      | Reached XP level 2. HP: 10/19 MP: 2/2
   204 | D:1      | Found Gecruenk's Book Shoppe.
   325 | D:1      | Reached XP level 3. HP: 20/23 MP: 3/3
   491 | D:1      | Found Yraguod's Assorted Antiques.
   860 | D:2      | Reached XP level 4. HP: 29/29 MP: 4/4
   950 | D:2      | Found a faded altar of an unknown god.
   954 | D:2      | Noticed a shining eye
   955 | D:2      | Noticed a great orb of eyes
   955 | D:2      | Noticed a floating eye
   955 | D:2      | Noticed a floating eye
  1281 | D:2      | Noticed Sigmund
  1301 | D:2      | Killed Sigmund
  1302 | D:2      | Reached XP level 5. HP: 8/34 MP: 5/5
  1302 | D:2      | Reached XP level 6. HP: 9/39 MP: 6/6
  1480 | D:3      | Found a glowing drain.
  1500 | Sewer    | Entered a sewer
  2417 | D:3      | Identified a scroll of acquirement
  2418 | D:3      | Acquired the ring "Xicw" {AC+4 Str+3}
  2486 | D:3      | Noticed Jessica
  2492 | D:3      | Killed Jessica
  2493 | D:3      | Reached skill level 5 in Armour
  2493 | D:3      | Reached skill level 5 in Shields
  2926 | D:3      | Found a broken altar of Ashenzari.
  3198 | D:4      | Noticed an orc warrior
  3211 | D:4      | Reached skill level 5 in Fighting
  3211 | D:4      | Reached XP level 7. HP: 43/44 MP: 7/7
  3240 | D:4      | HP: 1/44 [orc warrior/+0 trident (9)]
  3241 | D:4      | Slain by an orc warrior

Illustrated notes

Levels and vault maps discovered:
D:1:      onia_arrival_zoo_common, layout_rooms, serial_shops,
          nicolae_shop_advertising_works [nicolae_subvault_shop_adworks],
          nicolae_diamond_shop
D:2:      layout_loops_ring, hellmonk_ecumenical_altar_watching_god,
          chequers_serial_rivers_micro_b, uniq_sigmund
D:3:      minmay_inner_zag, layout_basic, ashenzari_altar_1,
          portal_sewer_entry_c, uniq_jessica
D:4:      layout_basic, ebering_ghost_sewer_f, grunt_decor_one_mirror

Skill      XL: |  1  2  3  4  5  6 |
---------------+-------------------+-----
Shields        | 4 5 |  5.2
Armour         | 4 5 |  5.2
Fighting       | 4 5 |  5.0
Maces & Flails | 3 4 |  4.0

Action                     |  1- 3 |  4- 6 |  7- 9 || total
---------------------------+-------+-------+-------++-------
  Melee: Flail             |   106 |   278 |    18 ||   402
  Throw: Dart              |       |       |     4 ||     4
    Use: Scroll            |       |    11 |       ||    11
 Armour: Scale mail        |    90 |   171 |    15 ||   276
  Dodge: Dodged            |    58 |   112 |     8 ||   178
  Block: Buckler           |    13 |       |       ||    13
         Kite shield       |    51 |   175 |    15 ||   241

Table legend: (Time is in decaauts)
 A = Elapsed time spent in this place.
 B = Non-inter-level travel time spent in this place.
 C = Inter-level travel time spent in this place.
 D = Time resting spent in this place.
 E = Time spent auto-exploring this place.
 F = Levels seen in this place.
 G = Mean time per level.
                   A        B        C        D        E       F      G
               +--------+--------+--------+--------+--------+-----+--------+
         Total |   3573 |   3506 |     67 |    328 |   2049 |   5 |  714.6 |
       Dungeon |   2431 |   2364 |     67 |    154 |   1480 |   4 |  607.8 |
         Sewer |   1142 |   1142 |      0 |    174 |    568 |   1 | 1142.0 |
               +--------+--------+--------+--------+--------+-----+--------+

Top non-repeatable levels by time:
   Sewer: 1142 daAuts
     D:2: 861 daAuts
     D:3: 757 daAuts
     D:1: 667 daAuts
     D:4: 144 daAuts
